 Dungeon Crawl Stone Soup version 0.22-a0-348-gd16d1391c7 (webtiles) character file.

113 Banto the Chiller (level 4, -4/27 HPs)
             Began as an Octopode Ice Elementalist on Apr 9, 2018.
             Slain by a goblin
             ... wielding a +0 club
             ... led by Robin
              (6 damage)
             ... on level 2 of the Dungeon.
             The game lasted 00:02:58 (2287 turns).

Banto the Chiller (Octopode Ice Elementalist)       Turns: 2287, Time: 00:02:58

Health: -4/27      AC:  1    Str:  7    XL:     4   Next: 96%
Magic:  5/7        EV: 13    Int: 18    God:
Gold:   109        SH:  0    Dex: 12    Spells: 1/7 levels left

rFire    . . .     SeeInvis .   d - +0 dagger (drain)
rCold    . . .     Gourm    .   (no shield)
rNeg     . . .     Faith    .   (helmet restricted)
rPois    .         Spirit   .   c - amulet of the acrobat
rElec    .         Reflect  .   (no ring)
rCorr    .         Harm     .   (no ring)
MR       .....                  (no ring)
Stlth    ++++......             (no ring)
HPRegen  0.09/turn              (no ring)
MPRegen  0.10/turn              (no ring)
                                (no ring)
                                (no ring)

@: no status effects
A: almost no armour, stealthy swim, amphibious, 8 rings, constrict 8, camouflage
1, gelatinous body 1
a: no special abilities


You were on level 2 of the Dungeon.
You were not hungry.

You visited 1 branch of the dungeon, and saw 3 of its levels.

You collected 109 gold pieces.

Inventory:

Hand Weapons
 d - a +0 dagger of draining (weapon)
Jewellery
 c - an amulet of the acrobat (around mantle)
Scrolls
 e - 3 scrolls of fear
 h - a scroll of amnesia
Potions
 a - a potion of might
 f - 2 potions of brilliance
 g - a potion of curing
 i - a potion of magic {unknown}
 k - a potion of flight {unknown}
Comestibles
 b - 4 rations
 j - 4 chunks of flesh


   Skills:
 - Level 2.0 Dodging
 + Level 4.5 Stealth
 - Level 2.0 Spellcasting
 - Level 1.0 Conjurations
 * Level 4.8 Ice Magic


You had one spell level left.
You knew the following spells:

 Your Spells              Type           Power        Failure   Level  Hunger
a - Freeze                Ice            ###.         2%          1    #......
b - Throw Frost           Conj/Ice       ##....       9%          2    ###....
c - Ozocubu's Armour      Chrm/Ice       ##......     21%         3    ###....


Dungeon Overview and Level Annotations

Branches:
Dungeon (3/15)

Altars:

Annotations:
D:3 Robin; dcsswall's ghost, amateur DrFE


Innate Abilities, Weirdness & Mutations

You cannot wear most types of armour.
You are very stealthy in the water. (Stealth+)
You are amphibious.
You can wear up to eight rings at the same time.
You can use your tentacles to constrict eight enemies at once.
Your skin changes colour to match your surroundings (Stealth+).
Your rubbery body absorbs attacks. (AC +1, EV +1)


Message History

Confirm with . or Enter, or press ? or * to list all spells.
Aiming: Freeze (safe; 2% risk of failure)
Press: ? - help, Shift-Dir - straight line, f - hobgoblin
Aim: a hobgoblin You freeze the hobgoblin.
The hobgoblin is almost dead.
The goblin hits you with a club.
* * * LOW HITPOINT WARNING * * *
The hobgoblin hits you.
* * * LOW HITPOINT WARNING * * *
You take 10 damage, and have 2/27 hp.
MASSIVE DAMAGE!!
You now have 6/7 mp.
Casting: Freeze (safe; 2% risk of failure)
Confirm with . or Enter, or press ? or * to list all spells.
Aiming: Freeze (safe; 2% risk of failure)
Press: ? - help, Shift-Dir - straight line, f/p - hobgoblin
Aim: a hobgoblin (severely wounded)
You freeze the hobgoblin.
You kill the hobgoblin!
The goblin hits you with a club.
You die...

###### .....# ####.#######
...........## ###....###..#
###....####.######
..............g†@#
#.#....#####.###g# ##### #.#....#
#..##.# #.... #.#....# ##.##.#
###.### #.+....#
##....##########...... #.#....#
#................#.###
#..#'#######.#.#.#####......#....
##.#.#...........# #.####.#####
##.#.#.#####.##..# #.# #.#


You could see a hobgoblin and a goblin.

Vanquished Creatures
  A gnoll (D:2)
  3 adders (D:2)
  A worm (D:2)
  3 dart slugs
  2 leopard geckos
  An orc (D:3)
  A ball python (D:2)
  3 giant cockroaches
  11 goblins
  9 hobgoblins
  6 jackals (D:1)
  4 bats (D:2)
  4 frilled lizards
  3 kobolds
  A quokka zombie (D:2)
  8 rats
61 creatures vanquished.

Notes
Turn   | Place    | Note
-------+----------+-------------------------------------------
     0 | D:1      | Banto the Octopode Ice Elementalist began the quest for the Orb.
     0 | D:1      | Reached XP level 1. HP: 11/11 MP: 3/3
   310 | D:1      | Reached XP level 2. HP: 14/17 MP: 3/5
   560 | D:1      | Reached XP level 3. HP: 20/21 MP: 6/6
   940 | D:2      | Learned a level 2 spell: Throw Frost
   944 | D:2      | Learned a level 3 spell: Ozocubu's Armour
  1049 | D:2      | Reached XP level 4. HP: 27/27 MP: 4/7
  2028 | D:3      | Noticed dcsswall's ghost (amateur DrFE)
  2162 | D:3      | Noticed Robin
  2287 | D:2      | Slain by a goblin

Vault maps used:
D:1:      nzn_arrival_depleted_hourglass
D:2:      first_ration
D:3:      uniq_robin

Skill      XL: |  1  2  3 |
---------------+----------+-----
Stealth        | 3 4 |  4.5
Ice Magic      | 4 |  4.8
Dodging        | |  2.0
Spellcasting   | |  2.0
Conjurations   | |  1.0

Action                   |  1- 3 |  4- 6 || total
-------------------------+-------+-------++-------
Melee: Dagger            |    60 |    28 ||    88
       Constrict         |    22 |     9 ||    31
       Tentacles         |    11 |     3 ||    14
       Club              |     2 |       ||     2
       Unarmed           |     2 |       ||     2
 Cast: Freeze            |     9 |    15 ||    24
       Throw Frost       |       |     2 ||     2
  Use: Scroll            |     1 |     8 ||     9
 Stab: Sleeping          |     9 |     3 ||    12
  Eat: Chunk             |       |     5 ||     5
Armor: Skin              |     7 |     2 ||     9
Dodge: Dodged            |    59 |    30 ||    89

Table legend:
 A = Spawn XP
 B = Non-spawn XP
 C = Spawn XP percentage of total XP
 D = Spawn monster count
 E = Non-spawn monster count
 F = Spawn count percentage of total count
 G = Total turns spent on level
                    A         B        C        D         E        F      G
               +---------+---------+-------+---------+---------+-------+---------
         Total |       0 |     162 |   0.0 |       0 |      61 |   0.0 |  2287
               +---------+---------+-------+---------+---------+-------+---------
           D:1 |       0 |      54 |   0.0 |       0 |      29 |   0.0 |   936
           D:2 |       0 |      86 |   0.0 |       0 |      21 |   0.0 |  1218
           D:3 |       0 |      22 |   0.0 |       0 |      11 |   0.0 |   133
               +---------+---------+-------+---------+---------+-------+---------

Table legend:
 A = Turns spent in this place as a percentage of turns spent in the entire game.
 B = Non-inter-level travel turns spent in this place as a percentage of non-inter-level travel turns spent in the entire game.
 C = Inter-level travel turns spent in this place as a percentage of turns spent in this place.
 D = Turns resting spent in this place as a percentage of non-inter-level travel turns spent in this place.
 E = Turns spent auto-exploring this place as a percentage of non-inter-level travel turns spent in this place.
 F = Non-inter-level travel turns spent in this place divided by the number of levels of this place that you've seen.
                   A       B       C       D       E      F
               +-------+-------+-------+-------+-------+----------------------
         Total | 100.0 | 100.0 |   4.2 |  28.1 |  45.8 | 730.0
       Dungeon | 100.0 | 100.0 |   4.2 |  28.1 |  45.8 | 730.0
               +-------+-------+-------+-------+-------+----------------------

Table legend:
 A = Kills in this place as a percentage of kills in entire the game.
 B = Kills by you in this place as a percentage of kills by you in the entire game.
 C = Kills by friends in this place as a percentage of kills by friends in the entire game.
 D = Other kills in this place as a percentage of other kills in the entire game.
 E = Experience gained in this place as a percentage of experience gained in the entire game.
 F = Experience gained in this place divided by the number of levels of this place that you have seen.
                   A       B       C       D       E      F
               +-------+-------+-------+-------+-------+----------------------
         Total | 100.0 | 100.0 |   N/A |   N/A | 100.0 |  54.0
       Dungeon | 100.0 | 100.0 |   N/A |   N/A | 100.0 |  54.0
               +-------+-------+-------+-------+-------+----------------------
